 Adventure DCSS version bcrawl-1.27.3 (webtiles) character file.

Game seed: 9309510889131729528

112928 galech the Chopper (level 3, 29/29 HPs)
             Began as a Demonspawn Fighter on July 31, 2020.
             Quit the game on level 3 of the Dungeon.
             The game lasted 00:02:21 (1896 turns).

galech the Chopper (Demonspawn Fighter)             Turns: 1896, Time: 00:02:22

Health: 29/29      AC: 10    Str: 16    XL:     3   Next: 96%
Magic:  3/3        EV:  2    Int:  9    God:
Gold:   144        SH:  9    Dex: 14    Spells: 2/2 levels left
                                        Lives:  1   Deaths: 1

rFire    . . .     SeeInvis .   a - +0 war axe
rCold    . . .     Gourm    .   c - +0 medium shield
rNeg     . . .     Faith    .   h - +0 chain mail (curse)
rPois    .         Spirit   .   (helmet restricted)
rElec    .         Reflect  .   (no cloak)
rCorr    .         Harm     .   p - +0 pair of gloves
MR       .....                  (no boots)
Stlth    ..........             (no amulet)
HPRegen  0.09/turn              (no ring)
MPRegen  0.08/turn              (no ring)

@: no status effects
A: horns 1, rot immunity
a: no special abilities


You were on level 3 of the Dungeon.
You were not hungry.

You visited 1 branch of the dungeon, and saw 3 of its levels.

You collected 144 gold pieces.

Inventory:

Hand Weapons
 a - a +0 war axe (weapon)
Armour
 b - a +0 scale mail
 c - a +0 medium shield (worn)
 h - a cursed +0 chain mail (worn)
 p - a +0 pair of gloves (worn)
Scrolls
 f - 2 scrolls of identify
 g - a scroll of enchant armour
 j - 2 scrolls of remove curse
 k - a scroll of magic mapping {unknown}
 m - a scroll of teleportation {unknown}
 r - a scroll of immolation {unknown}
Potions
 i - 2 potions of agility {unknown}
 l - a potion of brilliance
 n - a potion of degeneration
 q - a potion of invisibility {unknown}
Comestibles
 e - 4 rations {!d}


   Skills:
 + Level 3.4 Fighting
 + Level 3.6 Axes
 + Level 3.0 Armour
 + Level 0.1 Dodging
 + Level 3.4 Shields


You had 2 spell levels left.
You didn't know any spells.
Your spell library was empty.

Dungeon Overview and Level Annotations

Branches:
Dungeon (3/12)

Altars:
Fedhas
Ru


Innate Abilities, Weirdness & Mutations

You have a pair of small horns on your head.
You are immune to rotting.


Message History

Your Armour skill increases to level 3!
* * * LOW HITPOINT WARNING * * *
You feel very sick.
* * * LOW HITPOINT WARNING * * *
You feel sick.
Items here: ( )) † a +0 dagger; a +0 blowgun; 3 poisoned needles; a kobold corpse It was a potion of degeneration.
There was something very wrong with that liquid.
You feel weakened.
You feel dopey.
You feel clumsy.
* * * LOW HITPOINT WARNING * * *
You feel sick.
It was a potion of brilliance.
You feel clever all of a sudden.
You die...
You feel sick.
Xom reaches out...
You are now level 3!
You rejoin the land of the living...
Are you sure you want to abandon this character and quit the game? (Confirm with "yes".)

#. ## #. #.. #.
#...#. #..)#.
#.....#####
##.#(......#...
.......@.....#
.....#.......#
... ...###.###
. ..... ..
###.## ## .. ..
...


There were no monsters in sight!

Vanquished Creatures
  An iguana (D:3)
  4 adders
  3 worms
  2 dart slugs
  3 leopard geckos
  5 bats
  6 giant cockroaches
  5 goblins
  7 hobgoblins
  3 jackals (D:2)
  2 ball pythons (D:1)
  A frilled lizard (D:2)
  10 kobolds
  8 rats
60 creatures vanquished.

Notes
Turn   | Place    | Note
-------+----------+-------------------------------------------
     0 | D:1      | galech the Demonspawn Fighter began the quest for the Orb.
     0 | D:1      | Reached XP level 1. HP: 18/18 MP: 1/1
   140 | D:1      | Gained mutation: You have a pair of small horns on your
                  | head. [demonic ancestry]
   140 | D:1      | Reached XP level 2. HP: 24/24 MP: 2/2
   448 | D:1      | Reached XP level 3. HP: 29/29 MP: 3/3
  1048 | D:2      | Found a blossoming altar of Fedhas.
  1132 | D:2      | Found a sacrificial altar of Ru.
  1200 | D:2      | Gained mutation: You are immune to rotting. [demonic
                  | ancestry]
  1200 | D:2      | Reached XP level 4. HP: 22/35 MP: 4/4
  1894 | D:3      | HP: 1/35 [poisoned by a kobold]
  1895 | D:3      | Succumbed to a kobold's poison
  1896 | D:3      | Reached XP level 3. HP: -1/29 MP: 3/3
  1896 | D:3      | Quit the game

Skill      XL: |  1  2  3  4 |
---------------+-------------+-----
Shields        | 3 |  3.4
Axes           | 2 3 |  3.6
Armour         | 3 |  3.0
Fighting       | |  3.4
Dodging        | |  0.1

Action                   |  1- 3 |  4- 6 || total
-------------------------+-------+-------++-------
Melee: War axe           |   139 |    47 ||   186
       Headbutt          |    15 |     9 ||    24
  Use: Potion            |       |     3 ||     3
       Scroll            |       |     2 ||     2
  Eat: Chunk             |     6 |     4 ||    10
Armor: Scale mail        |    15 |       ||    15
       Chain mail        |    94 |    24 ||   118
Dodge: Dodged            |    20 |     6 ||    26
Block: Medium shield     |    87 |    27 ||   114
